 Dungeon Crawl Stone Soup version 0.28.0-45-g0d030f2227 (webtiles) character file.

Game seed: 10263883068791651803

42 zeratav the Insei (level 3, -1/24 HPs)
             Began as an Octopode Transmuter on Apr 5, 2022.
             Slain by a goblin
             ... wielding a +0 club
             ... led by Robin
              (5 damage)
             ... on level 2 of the Dungeon.
             The game lasted 00:02:07 (1016 turns).

zeratav the Insei (Octopode Transmuter)             Turns: 1016, Time: 00:02:07

Health: -1/24      AC:  1    Str: 11    XL:     3   Next: 56%
Magic:  6/6        EV: 13    Int: 15    God:
Gold:   36         SH:  0    Dex: 12    Spells: 5/6 levels left

rFire   . . .      SeeInvis .   f - +1 dagger (flame)
rCold   . . .      Faith    .   (no shield)
rNeg    . . .      Spirit   .   (helmet restricted)
rPois   .          Reflect  .   (no amulet)
rElec   .          Harm     .   e - ring of wizardry
rCorr   .          Rampage  .   (no ring)
Will    .....                   (no ring)
Stlth   ++........              (no ring)
HPRegen 0.08/turn               (no ring)
MPRegen 0.10/turn               (no ring)
                                (no ring)
                                (no ring)

@: no status effects
A: almost no armour, amphibious, 8 rings, camouflage 1, gelatinous body 1,
(nimble swimmer 1), tentacles
a: no special abilities


You were on level 2 of the Dungeon.
You visited 1 branch of the dungeon, and saw 2 of its levels.

You collected 36 gold pieces.

Inventory:

Hand Weapons
 f - a +1 dagger of flaming (weapon)
Armour
 g - an orb of guile
 h - an orb of energy
Jewellery
 e - a ring of wizardry (left tentacle)
Scrolls
 a - a scroll of teleportation {unknown}
 c - a scroll of immolation {unknown}
 d - 3 scrolls of identify {unknown}
Potions
 b - a potion of might {unknown}


   Skills:
 * Level 1.9 Fighting
 * Level 2.6 Dodging
 * Level 3.4 Unarmed Combat
 - Level 2.0 Spellcasting
 + Level 2.3 Transmutations


You had 5 spell levels left.
You knew the following spells:

 Your Spells              Type           Power      Damage    Failure   Level
a - Beastly Appendage     Tmut           16%        N/A       3%          1

Your spell library contained the following spells:

 Spells                   Type           Power      Damage    Failure   Level
 Wereblood                Tmut           8%         N/A       5%          2
 Spider Form              Tmut/Pois      4%         N/A       16%         3
 Ice Form                 Ice/Tmut       4%         N/A       45%         4


Dungeon Overview and Level Annotations

Branches:
Dungeon (2/15)

Altars:

Annotations:
D:2 Robin


Innate Abilities, Weirdness & Mutations

You cannot wear most types of armour.
You are amphibious.
You can wear up to eight rings at the same time.
Your skin changes colour to match your surroundings (Stealth+).
Your rubbery body absorbs attacks. (AC +1, EV +1)
((You are camouflaged when in or above water. (Stealth+)))
You have tentacles for arms and can constrict up to eight enemies at once.


Message History

The goblin is almost dead.
You constrict the goblin.
You kill the goblin!
The goblin unwields a +0 hunting sling.
The goblin wields a +0 club.
The goblin closely misses you. The hobgoblin barely misses you.
The goblin misses you. The goblin barely misses you.
Items here: ( ))))) ††††.
You hit the goblin. You burn the goblin.
You kill the goblin!
A goblin comes into view. It is wielding a +0 club.
The hobgoblin barely misses you. Robin misses you.
The goblin barely misses you. Robin throws the goblin at you!
The goblin hits you but does no damage.
Things that are here:
a +0 dagger; a goblin corpse You hit the goblin.
You burn the goblin.
You kill the goblin!
The hobgoblin hits you but does no damage.
The goblin hits you with a +0 club.
* * * LOW HITPOINT WARNING * * *
There is a stone staircase leading down, spattered with blood here.
Things that are here:
a +0 club; a goblin corpse You hit the goblin.
You burn the goblin. You grab the goblin.
The goblin is heavily wounded.
You constrict the goblin. The goblin closely misses you.
You hit the goblin. You burn the goblin.
You kill the goblin!
Robin throws the goblin at you!
* * * LOW HITPOINT WARNING * * *
The goblin misses you. The hobgoblin barely misses you.
You hit the hobgoblin. You burn the hobgoblin. Your grab misses the hobgoblin.
The hobgoblin is almost dead.
The hobgoblin no longer looks unusually strong.
The goblin closely misses you. The hobgoblin barely misses you.
You hit the hobgoblin but do no damage. Your grab misses the hobgoblin.
You squeeze the hobgoblin.
You kill the hobgoblin!
The goblin hits you with a +0 club.
You die...

# .# ##### #.#
#####...##########..##.#
........+.......@g......
........#####.##g##.....
..........# #.##)#####..
.....####.# #...).......
.....# #.###.##)##..#..
.....####..##...†.......
...........##....#.##..#
.........†.##....#.# .#
#####............# . .


You could see Robin and a goblin (strong).

Vanquished Creatures
  An adder (D:2)
  A worm (D:2)
  A dart slug (D:1)
  3 ball pythons
  A bat (D:1)
  An endoplasm (D:1)
  10 goblins
  5 hobgoblins
  2 rats
25 creatures vanquished.

Vanquished Creatures (others)
  A rat (D:2)
1 creature vanquished.

Grand Total: 26 creatures vanquished

Notes
Turn   | Place    | Note
-------+----------+-------------------------------------------
     0 | D:1      | zeratav the Octopode Transmuter began the quest for the
                  | Orb.
     0 | D:1      | Reached XP level 1. HP: 13/13 MP: 3/3
   221 | D:1      | Reached XP level 2. HP: 12/18 MP: 3/5
   659 | D:1      | Found a faded altar of an unknown god.
   924 | D:2      | Reached XP level 3. HP: 21/24 MP: 4/6
   999 | D:2      | Noticed Robin
  1016 | D:2      | Slain by a goblin

Illustrated notes

Levels and vault maps discovered:
D:1:      sevenhm_arrival_forest_fort_large_2, layout_basic,
          shapermc_ecumenical_altar_mp_urbaneastern,
          corexii_item_surrounded_by_moat
D:2:      layout_basic, minmay_misc_feat_tiny, uniq_robin

Action                   || total
-------------------------++-------
Melee: Unarmed           ||    16
       Constrict         ||    13
       Kick              ||     7
       Tentacles         ||    10
       Dagger            ||    29
 Cast: Beastly Appendage ||    18
 Stab: Sleeping          ||     2
Armor: Skin              ||    10
Dodge: Dodged            ||    35
